Map: Arctic Dream LE

Players

Spartanite

  • Race: Zerg Zerg

Pabloski

  • Race: Protoss Protoss

Casey

  • Race: Terran Terran

RevMuun

  • Race: Zerg Zerg

VOD

Have the link to the VOD?

Description

Time

  • Played on: Dec. 27, 2021, 10:43 p.m.
  • Length: 11:33
Show
View Real Time Build Order
Export as new Build Order

Spartanite Zerg 

Build Orders: Pool First 

Get SALT Encoding   

  12  0:00  Drone  
  13  0:09  Drone  
  14  0:19  Overlord  
  14  0:28  Drone, Extractor  
  14  0:43  Spawning Pool  
  14  0:45  Drone  
  14  0:49  Drone  
  15  0:54  Drone  
  16  0:59  Drone  
  17  1:12  Overlord  
  17  1:38  Zergling x4  
  19  1:41  Metabolic Boost  
  19  1:43  Zergling x2  
  19  1:44  Queen  
  22  1:53  Zergling x2  
  23  2:06  Zergling x2  
  24  2:14  Zergling x2  
  25  2:24  Zergling x2  
  25  2:46  Zergling x4  
  25  2:50  Hatchery  
  26  2:54  Zergling x6  
  26  2:56  Overlord  
  29  3:17  Overlord  
  29  3:20  Drone  
  27  4:21  Zergling x2  
  27  4:22  Zergling x6  
  31  4:27  Drone x3  
  31  4:28  Queen  
  30  4:57  Zergling x12  
  33  5:02  Drone x3  
  36  5:12  Lair  
  36  5:16  Roach Warren  
  30  5:51  Drone x5  
  30  5:52  Drone  
  30  5:55  Extractor  
  35  5:59  Extractor  
  35  6:01  Roach x2  
  35  6:02  Roach x4  
  46  6:26  Hatchery  
  40  6:36  Roach x4  
  40  6:39  Roach x2  
  52  6:42  Overlord x3  
  30  7:51  Zergling x4  
  30  7:52  Zergling x2  
  30  7:57  Zergling x8  
  30  7:58  Zergling x4  
  37  7:59  Queen  
  37  8:03  Zergling x6  
  42  8:11  Hydralisk Den  
  41  8:14  Extractor  
  31  8:39  Roach x2  
  31  8:40  Roach  
  37  8:41  Drone  
  37  8:42  Roach x2  
  37  8:43  Roach x2  
  37  8:45  Roach x2  
  37  8:46  Roach x3  
  50  9:12  Queen  
  50  9:14  Drone x5  
  55  9:21  Roach x3  
  61  9:38  Drone  
  61  9:39  Drone x2  
  61  9:41  Drone x3  
  67  9:48  Queen  
  67  9:51  Hydralisk x2  
  67  9:52  Hydralisk  
  75  9:55  Hydralisk x3  
  75  9:59  Overlord  
  81  10:00  Overlord x3  
  81  10:19  Drone  
  82  10:44  Extractor  
  82  10:45  Drone x5, Extractor  
  82  10:46  Hydralisk x5  
  82  10:48  Hydralisk x4  
  82  10:49  Hydralisk x2  
Show
View Real Time Build Order
Export as new Build Order

Pabloski Protoss 

Build Orders: Dark Templar Rush 

Get SALT Encoding   

  12  0:01  Probe  
  13  0:13  Probe  
  14  0:22  Pylon  
  14  0:26  Probe  
  15  0:30  Assimilator  
  15  0:36  Assimilator  
  15  0:49  Gateway  
  15  0:55  Probe  
  16  1:07  Probe  
  17  1:19  Probe  
  18  1:31  Probe  
  19  1:43  Probe  
  19  1:46  Cybernetics Core  
  20  1:57  Nexus  
  20  2:10  Pylon  
  20  2:12  Probe  
  21  2:32  Twilight Council  
  21  2:34  Probe  
  22  2:47  Probe  
  22  2:49  Robotics Facility  
  23  2:56  Pylon  
  23  2:59  Probe  
  24  3:11  Warp Gate  
  24  3:16  Dark Shrine  
  24  3:25  Probe x2  
  25  3:58  Warp Prism (Chrono Boost)  
  27  4:09  Pylon  
  27  4:12  Gateway  
  27  4:14  Gateway  
  27  4:17  Gateway  
  27  4:22  Pylon  
  27  4:39  Probe x2  
  29  4:47  Forge  
  29  4:51  Probe x2  
  31  5:03  Probe x2  
  33  5:14  Dark Templar x4  
  35  5:15  Probe  
  42  5:27  Pylon  
  42  5:30  Pylon  
  42  5:33  Pylon  
  42  5:55  Dark Templar x3  
  48  6:04  Dark Templar  
  47  6:31  Photon Cannon  
  46  6:34  Photon Cannon  
  46  6:37  Photon Cannon  
  46  6:39  Photon Cannon  
  46  6:45  Photon Cannon  
  46  6:47  Photon Cannon  
  46  6:52  Photon Cannon  
  46  7:32  Photon Cannon  
  46  7:34  Photon Cannon  
  46  7:36  Photon Cannon  
  46  7:39  Pylon  
  46  8:27  Gateway  
  46  8:29  Gateway  
  46  8:32  Gateway  
  46  8:34  Assimilator  
  46  8:36  Assimilator  
  46  8:40  Gateway  
  46  8:42  Gateway  
  46  9:02  Pylon  
  46  9:06  Pylon  
  46  9:30  Cybernetics Core  
  46  10:00  Nexus  
  46  10:40  Pylon  
  46  10:43  Pylon  
  46  10:46  Stalker x3, Pylon  
  46  10:47  Stalker x2  
  46  10:49  Pylon  
  56  11:12  Stalker x5  
Show
View Real Time Build Order
Export as new Build Order

Casey Terran 

Build Orders:  

Get SALT Encoding   

  12  0:00  SCV  
  13  0:12  SCV  
  14  0:22  Supply Depot  
  14  0:24  SCV  
  15  0:44  SCV  
  15  0:49  Barracks  
  16  0:56  SCV  
  17  1:09  SCV  
  18  1:15  Refinery  
  18  1:21  SCV  
  19  1:31  Supply Depot  
  19  1:33  SCV  
  19  1:37  Barracks  
  20  1:45  SCV  
  21  1:47  Marine  
  22  1:57  SCV  
  22  1:58  Refinery  
  23  2:05  Marine  
  24  2:09  SCV  
  25  2:21  SCV  
  26  2:26  Barracks Reactor  
  26  2:27  Barracks Tech Lab  
  26  2:42  Engineering Bay  
  26  2:48  Supply Depot  
  26  2:58  Combat Shield  
  26  2:59  Command Center  
  26  3:12  Marine x2  
  26  3:16  Marauder  
  30  3:30  Terran Infantry Weapons Level 1, Marine x2  
  32  3:37  Marauder  
  34  3:48  Marine x2  
  36  3:59  Marauder  
  38  4:06  Marine x2  
  32  4:20  Marauder  
  32  4:24  Marine x2  
  32  4:41  Marine  
  32  4:42  Marine  
  34  4:51  Marine  
  35  4:59  Marine  
  36  5:04  Marine  
  37  5:10  Marauder  
  37  5:12  SCV  
  37  5:13  SCV  
  41  5:17  Marine  
  42  5:22  Marine  
  42  5:24  SCV  
  42  5:25  SCV  
  45  5:31  Marauder  
  45  5:35  Marine  
  48  5:36  SCV  
  48  5:37  SCV  
  48  5:40  Marine  
  51  5:48  SCV  
  51  5:49  SCV  
  52  5:53  Marine, Marauder  
  41  5:58  Marine  
  41  6:01  SCV  
  35  6:14  Missile Turret  
  20  8:01  Supply Depot  
  20  8:05  Supply Depot  
  20  8:13  Refinery  
  20  8:27  Supply Depot  
  20  8:50  Supply Depot, SCV  
  21  8:57  Barracks  
  21  8:59  Barracks  
  21  9:01  Barracks  
  21  9:02  SCV  
  14  9:14  SCV  
  12  9:27  SCV  
  13  9:39  SCV  
  14  9:51  SCV, Command Center  
  15  9:56  Barracks Reactor  
  15  9:59  Barracks Tech Lab  
  15  10:03  SCV  
  16  10:15  SCV  
  17  10:21  Barracks Reactor  
  17  10:25  Reaper  
  17  10:27  SCV  
  19  10:35  Marine x2  
  21  10:39  SCV  
  22  10:51  SCV  
  22  10:53  Marine x2  
  24  11:03  SCV  
  26  11:07  Marauder  
  26  11:10  Marine  
  26  11:11  Marine x3  
  29  11:15  SCV  
Show
View Real Time Build Order
Export as new Build Order

RevMuun Zerg 

Build Orders: Hatch First 

Get SALT Encoding   

  12  0:00  Drone  
  13  0:13  Overlord  
  13  0:28  Drone  
  14  0:33  Drone  
  14  0:35  Drone  
  16  0:50  Hatchery  
  16  0:54  Drone  
  16  1:01  Drone  
  17  1:12  Spawning Pool  
  17  1:16  Drone  
  17  1:23  Overlord  
  17  1:31  Drone  
  18  1:48  Drone  
  19  1:59  Queen  
  19  2:00  Zergling x4  
  23  2:01  Queen  
  23  2:03  Zergling x2  
  26  2:14  Zergling x2  
  27  2:17  Zergling x2  
  27  2:21  Zergling x2  
  29  2:30  Zergling x2  
  29  2:31  Zergling x2  
  31  2:37  Overlord  
  31  2:47  Extractor  
  31  2:48  Overlord  
  31  2:49  Zergling x2  
  31  3:03  Zergling x2  
  32  3:15  Hatchery  
  30  3:43  Drone x2  
  30  3:44  Zergling x2  
  30  3:45  Zergling x2  
  30  3:46  Drone x2  
  30  3:47  Drone x2  
  30  3:48  Zergling x4  
  33  4:03  Zergling x2  
  33  4:07  Queen  
  36  4:10  Drone x2  
  38  4:43  Zergling x2  
  38  4:44  Zergling x10  
  38  4:45  Zergling x2  
  40  4:54  Zergling x2  
  40  4:56  Zergling x2  
  40  4:59  Extractor  
  41  5:00  Metabolic Boost  
  41  5:21  Queen  
  41  5:22  Drone x2  
  41  5:23  Drone  
  41  5:24  Overlord x2  
  46  5:32  Evolution Chamber  
  38  5:59  Zergling x6  
  38  6:00  Zergling x6  
  38  6:04  Drone x4  
  48  6:20  Zerg Melee Weapons Level 1  
  48  6:28  Zergling x2  
  48  6:29  Zergling x2  
  49  6:37  Overlord  
  49  6:38  Overlord  
  49  6:39  Zergling x6  
  52  6:51  Zergling x2  
  52  6:52  Zergling x6  
  51  7:15  Lair  
  47  7:17  Zergling x4  
  47  7:18  Zergling x4  
  15  8:41  Hatchery  
  15  8:42  Spawning Pool  
  13  8:55  Drone x4  
  17  9:13  Drone x2  
  19  9:25  Hatchery  
  18  9:33  Overseer  
  18  9:34  Overseer x2  
  18  10:00  Spire  
  18  10:04  Extractor  
  18  10:05  Drone x3  
  18  10:06  Drone x2  
  20  10:45  Zergling x10  
  20  10:46  Zergling x2  
  26  10:55  Drone x2  
Tags
 
Add a new tag
Caveats
  • Supply blocks, unpowered buildings, or Contaminate may cause inaccurate times.
  • Supply counts are checked every 10 seconds.